 Dungeon Crawl Stone Soup version 0.31-a0-95-g6fa058ef04 (webtiles) character file.

Game seed: 7488565965640733672

268 NateTC the Chopper (level 6, 55/56 HPs)
             Began as a Hill Orc Fighter on May 20, 2023.
             Was a Follower of Cheibriados.
             Quit the game on level 4 of the Dungeon on May 25, 2023.
             The game lasted 00:05:50 (3030 turns).

NateTC the Chopper (Hill Orc Fighter)               Turns: 3030, Time: 00:05:51

Health: 55/56      AC: 11    Str: 23    XL:     6   Next: 21%
Magic:  6/6        EV:  3    Int: 10    God:    Cheibriados [*.....]
Gold:   190        SH:  4    Dex: 12    Spells: 5/5 levels left

rFire   . . .        (no weapon)
rCold   . . .        c - +0 buckler
rNeg    . . .        j - +0 plate armour
rPois   .            (no helmet)
rElec   .            (no cloak)
rCorr   .            (no gloves)
SInv    .            (no boots)
Will    .....        (no amulet) Stlth
                     (no ring)
HPRegen 0.29/turn    (no ring)
MPRegen 0.10/turn

%: no passive effects
@: constricted, very slow
A: no striking features
a: Renounce Religion, Bend Time


You were on level 4 of the Dungeon.
You worshipped Cheibriados.
Cheibriados was aware of your devotion.
You visited 1 branch of the dungeon, and saw 4 of its levels.

You collected 190 gold pieces.

Inventory:

Armour
 b - a +0 scale mail
 c - a +0 buckler (worn)
 j - a +0 plate armour (worn)
Potions
 d - 2 potions of might
 e - a potion of enlightenment {unknown}
 f - 2 potions of attraction
 h - a potion of resistance {unknown}
 i - a potion of mutation {unknown}
 k - a potion of haste {unknown}
 l - 2 potions of degeneration {unknown}


   Skills:
 * Level 5.3 Fighting
 - Level 7.2 Axes
 - Level 3.2 Armour
 - Level 3.2 Shields


You had 5 spell levels left.
You didn't know any spells.
Your spell library contained the following spells:

 Spells                   Type           Power      Damage    Failure   Level
 Sublimation of Blood     Necr           0%         N/A       100%        2
 Anguish                  Hex/Necr       0%         N/A       100%        4


Dungeon Overview and Level Annotations

Branches:
Dungeon (4/15) Zot: 31413
 Temple: D:4-7

Altars:
Cheibriados
Hepliaklqana


Message History

Found an escape hatch in the ceiling.
You feel sick.
The quokka twitches its whiskers.
The quokka bites you but does no damage.
The scorpion stings you. The scorpion attacks as you move away!
The scorpion barely misses you.
You feel sick. You block the quokka's attack.
The scorpion stings you but does no damage.
Your surroundings suddenly seem different.
You feel sick.
You feel sick.
You start resting.
You feel sick. x3
You are no longer poisoned.
You start resting.
HP restored.
Found 9 gold pieces.
You now have 190 gold pieces (gained 9).
A ball python comes into view.
You start waiting.
A ball python is nearby!
A ball python is nearby!
The ball python hisses angrily.
You start waiting.
A ball python is nearby!
The ball python bites you but does no damage.
The ball python grabs you. The ball python constricts you.
The ball python bites you but does no damage.
The ball python constricts you.
You closely miss the ball python.
The ball python bites you but does no damage.
The ball python constricts you.
You barely miss the ball python.
The ball python bites you but does no damage.
The ball python constricts you.
You barely miss the ball python.
The ball python bites you but does no damage.
The ball python constricts you.
The ball python bites you but does no damage.
The ball python constricts you.
Are you sure you want to abandon this character and quit the game? (Confirm with "yes".)

##. ##.. #.S#
## # ##..#
.####..
..###...#
.......
#......# .....
#...####..#
#.....#..# #
##...S@.####..
#.......#....
##...........
#...#.........
#..###....#....
..## ##.######.
.. #........ #.
#........ #.##
##.#####..


You could see a ball python.

Vanquished Creatures
  A phantom (D:2)
  3 orc wizards
  An adder (D:2)
  3 river rats (D:3)
  A dart slug (D:2)
  7 orcs
  8 bats
  6 endoplasms
  4 giant cockroaches
  10 goblins
  3 hobgoblins
  6 jackals (D:2)
  2 quokkas (D:1)
  4 ball pythons
  5 frilled lizards
  6 kobolds
  7 rats
77 creatures vanquished.

Vanquished Creatures (others)
  An orc wizard (D:3)
1 creature vanquished.

Grand Total: 78 creatures vanquished

Notes
Turn   | Place    | Note
-------+----------+-------------------------------------------
     0 | D:1      | NateTC the Hill Orc Fighter began the quest for the Orb.
     0 | D:1      | Reached XP level 1. HP: 19/19 MP: 1/1
    83 | D:1      | Reached skill level 3 in Axes
   325 | D:1      | Reached XP level 2. HP: 26/26 MP: 2/2
   473 | D:1      | Reached skill level 4 in Axes
   681 | D:1      | Reached XP level 3. HP: 31/31 MP: 3/3
  1287 | D:2      | Got the Essays on Ectoplasm
  1351 | D:2      | Reached skill level 5 in Axes
  1559 | D:2      | Reached XP level 4. HP: 28/39 MP: 4/4
  1563 | D:2      | Reached skill level 6 in Axes
  1671 | D:2      | Noticed a phantom
  1686 | D:2      | Killed a phantom
  1687 | D:2      | Reached skill level 7 in Axes
  1687 | D:2      | Reached XP level 5. HP: 23/45 MP: 5/5
  2038 | D:3      | Found a hazy altar of Hepliaklqana.
  2163 | D:3      | Reached XP level 6. HP: 25/55 MP: 6/6
  2289 | D:3      | Found a faded altar of an unknown god.
  2642 | D:3      | Reached skill level 5 in Fighting
  2832 | D:3      | Prayed at the altar of an unknown god.
  2832 | D:3      | Became a worshipper of Cheibriados the Contemplative
  2832 | D:3      | Reached * piety under Cheibriados
  2913 | D:4      | Upgraded the game from 0.31-a0-44-g49d609d0da to
                  | 0.31-a0-95-g6fa058ef04
  3030 | D:4      | Quit the game

Illustrated notes

Levels and vault maps discovered:
D:1:      nagdon_arrival_zigzag_paths, layout_basic
D:2:      layout_loops_ring, serial_glass, glass_columns_c, glass_columns_a
D:3:      layout_loops_ring, nicolae_overflow_hidden_temple,
          portal_sewer_entry_e, dilly_ecumenical_altar_fadedgnrine
D:4:      layout_layer_cave, nicolae_uskayaw_murder_on_the_dancefloor,
          nzn_wu_jian_contemplation, lemuel_flame_loot_1

Skill      XL: |  1  2  3  4  5  6 |
---------------+-------------------+-----
Axes           | 3 4 5 7 |  7.2
Fighting       | 4 5 |  5.3
Armour         | |  3.2
Shields        | |  3.2

Action                     |  1- 3 |  4- 6 || total
---------------------------+-------+-------++-------
  Melee: War axe           |   146 |    94 ||   240
         Unarmed           |       |     3 ||     3
    Use: Scroll            |     4 |     3 ||     7
 Armour: Scale mail        |    92 |    34 ||   126
         Plate armour      |       |    46 ||    46
  Dodge: Dodged            |    65 |    41 ||   106
  Block: Buckler           |    31 |    30 ||    61

Table legend: (Time is in decaauts)
 A = Elapsed time spent in this place.
 B = Non-inter-level travel time spent in this place.
 C = Inter-level travel time spent in this place.
 D = Time resting spent in this place.
 E = Time spent auto-exploring this place.
 F = Levels seen in this place.
 G = Mean time per level.
                   A        B        C        D        E       F      G
               +--------+--------+--------+--------+--------+-----+--------+
         Total |   3137 |   2930 |    207 |    324 |   1750 |   4 |  784.2 |
       Dungeon |   3137 |   2930 |    207 |    324 |   1750 |   4 |  784.2 |
               +--------+--------+--------+--------+--------+-----+--------+

Top non-repeatable levels by time:
     D:1: 1192 daAuts
     D:3: 957 daAuts
     D:2: 858 daAuts
     D:4: 128 daAuts
